 Dungeon Crawl Stone Soup version 0.20-a0-465-g6513c8f (webtiles) character file.

56 Amnesiac the Vexing (level 3, -2/24 HPs)
             Began as a Mummy Enchanter on Jan 12, 2017.
             Killed from afar by an orc wizard (10 damage)
             ... with a puff of flame
             ... on level 2 of the Dungeon.
             The game lasted 00:03:34 (2008 turns).

Amnesiac the Vexing (Mummy Enchanter)               Turns: 2008, Time: 00:03:35

Health: -2/24      AC:  5    Str: 11    XL:     3   Next: 71%
Magic:  1/8        EV: 10    Int: 15    God:
Gold:   45         SH:  0    Dex: 12    Spells: 2/9 levels left

rFire  x . .     SeeInvis .     h - +3 hand axe (chop)
rCold  + . .     Gourm    .     g - +0 ring mail
rNeg   + + +     Faith    .     (no shield)
rPois  ∞         Spirit   .     (no helmet)
rElec  .         Reflect  .     (no cloak)
rCorr  .         Harm     .     (no gloves)
MR     .....                    (no boots)
Stlth  +.........               (no amulet)
                                (no ring)
                                (no ring)

@: very slightly contaminated
A: no food or potions, fire vulnerability, cold resistance 1, negative energy
resistance 3, torment resistance, unbreathing
a: no special abilities


You were on level 2 of the Dungeon.
You were not hungry.

You visited 1 branch of the dungeon, and saw 3 of its levels.

You collected 45 gold pieces.

Inventory:

Hand Weapons
 a - a +1 dagger
 h - a +3 hand axe of chopping (weapon)
Armour
 b - a +0 robe
 g - a +0 ring mail (worn)
Books
 c - a book of Maledictions

   Spells                             Type                      Level
   a - Corona                         Hexes                        1
   b - Ensorcelled Hibernation        Hexes/Ice                    2
   c - Confuse                        Hexes                        3
   d - Tukima's Dance                 Hexes                        3
   e - Dazzling Spray                 Conjuration/Hexes            3


   Skills:
 - Level 0.7 Short Blades
 - Level 1.5 Dodging
 - Level 2.4 Stealth
 + Level 3.6 Spellcasting
 * Level 3.8 Hexes


You had 2 spell levels left.
You knew the following spells:

 Your Spells              Type           Power        Failure   Level  Hunger
e - Confuse               Hex            ##......     30%         3    N/A
f - Corona                Hex            ##.....      12%         1    N/A
w - Tukima's Dance        Hex            ##......     30%         3    N/A

Dungeon Overview and Level Annotations

Branches:
Dungeon (3/15)

Altars:

Annotations:
D:3 Jessica, Sigmund


Innate Abilities, Weirdness & Mutations

You do not eat or drink.
Your flesh is vulnerable to fire.
You are immune to poison.
Your flesh is cold resistant. (rC+)
You are immune to negative energy. (rN+++)
You are immune to unholy pain and torment.
You can survive without breathing.


Message History

Aiming: Confuse
Press: ? - help, Shift-Dir - straight line You miscast Confuse.
You are very lightly contaminated with residual magic.
Your skin glows momentarily.
Something hits you but does no damage.
As you read the scroll labeled VESADA XUNOE, it crumbles to dust.
It is a scroll of enchant weapon.
Your +2 hand axe of chopping glows red for a moment.
Something hits you but does no damage.
As you read the scroll labeled DIOFRU EWKAZU, it crumbles to dust.
The creatures around you are filled with an inner flame!
It was a scroll of immolation.
Something hits you.
* * * LOW HITPOINT WARNING * * *
Blink to where?
Press: ? - help, Dir - move target cursor
As you read the scroll labeled SILOKLATSA, it crumbles to dust.
It was a scroll of blinking.
A puff of flame appears from out of thin air!
The puff of flame hits you! The fire burns you terribly!
You die...

#....!##### #.# #......#
#..>..'...## #.# ########
#.....#....# #.#
###'###.#..# #.# #####
#.###.#..# ##+######...#
#.....#..# #.......#.#.#
########.## #.......#.#.#
#..# #.......#.#.# #@.#
#.......#.#.# ########
#..####'#....†.#.#
#......###...# #.#.######.#
#......'...#.# #.#.# #.#
#......#####.###.#.# #.#
##+#.............#.# #.#
#.###...........## #.#
#.#.#.###.##.....# #.# #
####.#....#....#.#.######.#


There were no monsters in sight!

Vanquished Creatures
  2 adders (D:2)
  A dart slug (D:2)
  3 leopard geckos
  7 orcs
  A giant cockroach (D:2)
  3 goblins
  2 hobgoblins (D:3)
  3 bats
  4 frilled lizards
  A rat (D:2)
27 creatures vanquished.

Vanquished Creatures (others)
  A dancing weapon (D:3)
1 creature vanquished.

Grand Total: 28 creatures vanquished

Notes
Turn   | Place    | Note
-------+----------+-------------------------------------------
     0 | D:1      | Amnesiac the Mummy Enchanter began the quest for the Orb.
     0 | D:1      | Reached XP level 1. HP: 13/13 MP: 4/4
   513 | D:3      | Reached XP level 2. HP: 19/19 MP: 5/5
  1079 | D:2      | Reached XP level 3. HP: 19/24 MP: 4/7
  1084 | D:2      | Learned a level 3 spell: Confuse
  1088 | D:2      | Learned a level 3 spell: Tukima's Dance
  1856 | D:3      | Noticed Jessica
  1857 | D:3      | Noticed Sigmund
  2008 | D:2      | Killed from afar by an orc wizard

Vault maps used:
D:1:      zaba_arrival_water
D:2:      uniq_robin
D:3:      kennysheep_goblin_castle, portal_sewer_entry_c, uniq_jessica,
          uniq_sigmund, uniq_crazy_yiuf_cottage

Skill      XL: |  1  2 |
---------------+-------+-----
Hexes          | 3 |  3.8
Spellcasting   | 3 |  3.6
Short Blades   | |  0.7
Dodging        | |  1.5
Stealth        | |  2.4

Action                   || total
-------------------------++-------
Melee: Dagger            ||   108
       Hand axe          ||    13
 Cast: Corona            ||    25
       Confuse           ||     6
       Tukima's Dance    ||     2
  Use: Scroll            ||     3
 Stab: Sleeping          ||     3
Armor: Robe              ||    17
       Ring mail         ||    15
Dodge: Dodged            ||    69
